 Dungeon Crawl Stone Soup version 0.27.1-35-g4d5d836560 (webtiles) character file.

Game seed: 5508614771484944034

7347 Atelerd the Transmogrifier (level 11, 0/64 HPs)
             Began as an Octopode Earth Elementalist on Oct 13, 2022.
             Slain by a vampire mosquito (9 damage)
             ... on level 9 of the Dungeon.
             The game lasted 00:24:08 (14371 turns).

Atelerd the Transmogrifier (OpEE)                  Turns: 14371, Time: 00:24:09

Health: 0/64       AC:  1    Str:  7    XL:     11   Next: 13%
Magic:  4/23       EV: 15    Int: 21    God:
Gold:   232        SH:  0    Dex: 13    Spells: 13/26 levels left

rFire    . . .     SeeInvis .   y - +1 dagger (flame)
rCold    . . .     Faith    .   (no shield)
rNeg     . . .     Spirit   .   (helmet restricted)
rPois    .         Reflect  .   q - amulet of magic regeneration
rElec    .         Harm     .   (no ring)
rCorr    .         Rampage  .   (no ring)
Will     .....                  (no ring)
Stlth    ++++......             (no ring)
HPRegen  0.20/turn              (no ring)
MPRegen  0.43/turn              (no ring)
                                (no ring)
                                (no ring)

@: no status effects
A: almost no armour, amphibious, 8 rings, camouflage 1, gelatinous body 1,
(nimble swimmer 1), tentacles
a: no special abilities


You were on level 9 of the Dungeon.
You visited 2 branches of the dungeon, and saw 10 of its levels.
You also visited: Ossuary.

You collected 426 gold pieces.
You spent 194 gold pieces at shops.

Inventory:

Hand Weapons
 a - a +0 dagger
 r - a +2 dagger of draining
 y - a +1 dagger of flaming (weapon)
Missiles
 v - 2 throwing nets
Jewellery
 n - an amulet of the acrobat
 q - an amulet of magic regeneration (around mantle)
 t - a ring of ice
Scrolls
 c - 4 scrolls of magic mapping
 f - a scroll of amnesia
 h - 3 scrolls of enchant weapon
 i - 5 scrolls of fog
 o - 2 scrolls of noise {unknown}
 u - 2 scrolls of blinking {unknown}
 A - a scroll of fear {unknown}
 B - a scroll of holy word
 C - a scroll of immolation
Potions
 e - 3 potions of haste {unknown}
 g - 2 potions of brilliance {unknown}
 k - 3 potions of attraction {unknown}
 l - 4 potions of heal wounds
 m - a potion of resistance
 p - 2 potions of invisibility {unknown}
 s - a potion of might {unknown}
 w - 2 potions of mutation {unknown}
 x - a potion of degeneration {unknown}
 z - 3 potions of flight {unknown}


   Skills:
 - Level 2.0 Fighting
 - Level 4.0 Short Blades
 * Level 5.7 Dodging
 + Level 7.1 Stealth
 + Level 8.1 Spellcasting
 + Level 3.6 Conjurations
 - Level 8.4 Transmutations
 - Level 3.0 Air Magic
 + Level 6.9 Earth Magic
 - Level 1.0 Poison Magic


You had 13 spell levels left.
You knew the following spells:

 Your Spells              Type           Power      Damage    Failure   Level
a - Sandblast             Erth           74%        2d16      1%          1
b - Mephitic Cloud        Conj/Pois/Air  19%        N/A       9%          3
l - Lee's Rapid Deconstr  Erth           18%        3d12*     12%         5
p - Petrify               Tmut/Erth      41%        N/A       3%          4

Your spell library contained the following spells:

 Spells                   Type           Power      Damage    Failure   Level
 Magic Dart               Conj           92%        1d7       1%          1
 Passwall                 Tmut/Erth      34%        N/A       1%          2
 Stone Arrow              Conj/Erth      60%        3d10      2%          3
 Summon Small Mammal      Summ           32%        N/A       8%          1
 Call Imp                 Summ           8%         N/A       12%         2
 Call Canine Familiar     Summ           8%         N/A       24%         3
 Summon Guardian Golem    Hex/Summ       8%         N/A       24%         3


Dungeon Overview and Level Annotations

Branches:
Dungeon (9/15)             Temple (1/1) D:4            Lair (0/6) D:8
Ossuary (visited)
    Orc: D:9-12

Altars:
Dithmenos
Elyvilon
Fedhas
Gozag
Hepliaklqana
Kikubaaqudgha
Makhleb
Nemelex Xobeh
Qazlal
Ru
Sif Muna
Trog
Uskayaw
Vehumet
Wu Jian
Xom
Yredelemnul
Zin
The Shining One

Shops:
D:3 *   D:8 ?

Annotations:
D:7 exclusions: downstairs and 1 more exclusion
D:8 exclusion: 2 downstairs


Innate Abilities, Weirdness & Mutations

You cannot wear most types of armour.
You are amphibious.
You can wear up to eight rings at the same time.
Your skin changes colour to match your surroundings (Stealth+).
Your rubbery body absorbs attacks. (AC +1, EV +1)
((You are camouflaged near water. (Stealth+)))
You have tentacles for arms and can constrict up to eight enemies at once.


Message History

Confirm with . or Enter, or press ? or * to list all spells.
Aiming: Sandblast (safe; 1% risk of failure)
Press: ? - help, Shift-Dir - straight line The blast of sand hits the yak!
You kill the yak!
You now have no stones remaining.
Training target 4.0 for Short Blades reached!
Your Short Blades skill increases to level 4!
Okay, then.
You hit the orc. You burn the orc. You grab the orc.
The orc is moderately wounded.
You constrict the orc. The orc hits you with a +0 club.
You hit the orc. You burn the orc.
The orc is heavily wounded.
You constrict the orc. The orc barely misses you.
You hit the orc but do no damage.
The orc is severely wounded.
You constrict the orc. The orc hits you with a +0 club.
There's nothing to open nearby.
You constrict the orc, but do no damage.
The orc barely misses you.
You start removing your amulet.
You continue taking off your amulet of magic regeneration.
You constrict the orc.
You kill the orc!
Keep disrobing?
The vampire mosquito bites you!
The vampire mosquito draws strength from your injuries!
You continue taking off your amulet of magic regeneration.
The vampire mosquito completely misses you.
The vampire mosquito bites you!
* * * LOW HITPOINT WARNING * * *
The vampire mosquito draws strength from your injuries!
You continue taking off your amulet of magic regeneration.
The vampire mosquito closely misses you.
The vampire mosquito barely misses you.
You continue taking off your amulet of magic regeneration.
The vampire mosquito closely misses you.
The vampire mosquito bites you!
You die...

#... ....#
...# ..Y#
#..## ....
#....
####... #...
....##..
##..# ...##
#.####...#
..<.#
##......y###
###.#
#.......Yy@#
..#
.#.....####
.... ##.<.##
..........#
#..........#
..........#
..####.....
. ......#
#####..#


You could see a yak and 2 vampire mosquitoes.

Vanquished Creatures
  Erica (D:8)
  A two-headed ogre (D:6)
  Maurice (D:8)
  Sigmund (D:4)
  14 yaks
  A steam dragon (D:6)
  A vampire mosquito (D:9)
  Duvessa (D:7)
  A sky beast (D:7)
  2 orc warriors
  3 black bears
  A necrophage (D:7)
  2 ogres
  2 centaurs
  A kobold brigand (D:8)
  2 bullfrogs
  2 scorpions
  3 water moccasin zombies (Ossuary)
  Dowan (D:7)
  2 water moccasin skeletons
  10 wights
  3 howler monkeys
  4 electric eels (D:8)
  A bullfrog skeleton (D:7)
  A hound (D:3)
  Crazy Yiuf (D:6)
  A centaur zombie (D:5)
  4 orc priests
  2 jellies
  3 centaur skeletons
  2 iguanas
  13 orc wizards
  A killer bee zombie (D:9)
  2 mummies (Ossuary)
  3 gnolls (D:3)
  6 adders
  3 shadow imps
  2 adder zombies (Ossuary)
  2 worms (D:4)
  3 dart slugs
  21 orcs
  6 ball pythons
  7 bats
  6 endoplasms
  3 giant cockroaches
  2 gnoll zombies (Ossuary)
  7 goblins
  7 hobgoblins
  4 jackals (D:1)
  5 quokkas (D:1)
  4 frilled lizards
  10 hobgoblin zombies (Ossuary)
  15 kobolds
  5 kobold zombies (Ossuary)
  3 orc zombies (Ossuary)
  8 rats
  A butterfly (D:4)
224 creatures vanquished.

Vanquished Creatures (others)
  2 fungi (D:6)
  43 plants (D:8)
45 creatures vanquished.

Grand Total: 269 creatures vanquished

Notes
Turn   | Place    | Note
-------+----------+-------------------------------------------
     0 | D:1      | Atelerd the Octopode Earth Elementalist began the quest for
                  | the Orb.
     0 | D:1      | Reached XP level 1. HP: 11/11 MP: 3/3
   373 | D:1      | Reached XP level 2. HP: 17/17 MP: 3/5
   793 | D:1      | Reached XP level 3. HP: 21/21 MP: 4/6
  2094 | D:2      | Reached XP level 4. HP: 24/27 MP: 7/7
  2124 | D:2      | Found an ornate altar of the Wu Jian Council.
  2238 | D:2      | Found a faded altar of an unknown god.
  2303 | D:2      | You fall into a shaft and drop 2 floors!
  2527 | D:4      | Noticed an ogre
  2536 | D:4      | Learned a level 4 spell: Petrify
  3062 | D:4      | Reached XP level 5. HP: 27/31 MP: 0/9
  3176 | D:4      | Killed an ogre
  3177 | D:4      | Reached XP level 6. HP: 36/36 MP: 2/10
  3285 | D:4      | Found a staircase to the Ecumenical Temple.
  3299 | Temple   | Entered the Ecumenical Temple
  3744 | D:3      | Reached skill level 5 in Stealth
  3753 | D:3      | Found Luemuoxa's General Store.
  3762 | D:3      | Bought a scroll of teleportation for 30 gold pieces
  3762 | D:3      | Bought 2 potions of curing for 60 gold pieces
  3832 | D:3      | Found a shadowy altar of Dithmenos.
  4674 | D:3      | Found an ancient bone altar of Kikubaaqudgha.
  5680 | D:4      | Found a shimmering blue altar of Sif Muna.
  5968 | D:4      | Noticed Sigmund
  5979 | D:4      | Killed Sigmund
  5980 | D:4      | Reached skill level 5 in Earth Magic
  5980 | D:4      | Reached XP level 7. HP: 25/41 MP: 8/13
  6103 | D:4      | Found a hide-covered altar of Uskayaw.
  6126 | D:5      | Entered Level 5 of the Dungeon
  6364 | D:5      | Found an ornate altar of the Wu Jian Council.
  6564 | D:5      | Learned a level 5 spell: Lee's Rapid Deconstruction
  6568 | D:5      | Learned a level 3 spell: Mephitic Cloud
  6622 | D:5      | Reached skill level 1 in Fighting
  6622 | D:5      | Reached skill level 1 in Short Blades
  6642 | D:5      | Reached XP level 8. HP: 42/48 MP: 3/14
  6752 | D:5      | Reached skill level 1 in Poison Magic
  6978 | D:5      | Reached skill level 1 in Conjurations
  6978 | D:5      | Reached skill level 1 in Air Magic
  8154 | D:6      | Noticed a two-headed ogre
  8163 | D:6      | Killed a two-headed ogre
  8164 | D:6      | Reached skill level 5 in Spellcasting
  8164 | D:6      | Reached XP level 9. HP: 54/54 MP: 1/17
  9298 | D:6      | Found a runed translucent door.
  9299 | D:6      | Noticed Crazy Yiuf
  9309 | D:6      | Killed Crazy Yiuf
  9971 | D:7      | Noticed Dowan
  9972 | D:7      | Noticed Duvessa
  9974 | D:7      | Killed Dowan
 10210 | D:7      | Killed Duvessa
 10531 | D:7      | Reached XP level 10. HP: 60/60 MP: 19/21
 10669 | D:8      | Noticed Erica
 10669 | D:8      | Found Mahoyfy's Magic Scroll Emporium.
 10669 | D:8      | Found a staircase to the Lair.
 10689 | D:8      | Found a sand-covered staircase.
 10700 | Ossuary  | Entered an ossuary
 11507 | D:8      | HP: 2/60 [rock wall collision (13)]
 11710 | D:8      | Noticed Maurice
 13298 | D:8      | Killed Maurice
 13710 | D:8      | Killed Erica
 13711 | D:8      | Reached skill level 5 in Dodging
 13778 | D:9      | Reached XP level 11. HP: 25/64 MP: 3/23
 14116 | D:8      | Bought a scroll of identify for 26 gold pieces
 14116 | D:8      | Bought a scroll of fog for 26 gold pieces
 14116 | D:8      | Bought a scroll of identify for 26 gold pieces
 14116 | D:8      | Bought a scroll of identify for 26 gold pieces
 14371 | D:9      | Slain by a vampire mosquito

Illustrated notes

Levels and vault maps discovered:
D:1:      sevenhm_arrival_forest_fort_small_5, layout_basic, minmay_tromino_v4_b
D:2:      layout_basic, hellmonk_ecumenical_altar_lost_god, basic_altar,
          hangedman_decor_push
D:3:      layout_basic, nicolae_dithmenos_shadow_blocks,
          mainiacjoe_overflow_surrounded_room, serial_shops, shop
D:4:      layout_gridville, kennysheep_orc_sif_temple, kennysheep_little_box,
          minmay_temple_entry_butterflies, uniq_sigmund
D:5:      layout_basic, general_overflow_altar, amethyst_killhole,
          serial_park_tiny_2, roderic_roman_lattice
D:6:      layout_loops_cross, uniq_crazy_yiuf_cottage
D:7:      layout_cave_pools, uniq_duvessa
D:8:      layout_cave_pools, lair_entry_dummy, serial_bayou,
          serial_bayou_pond_c, serial_bayou_ford_a, serial_bayou_pond_a,
          serial_bayou_pond_a, serial_bayou_lagoon_b, serial_bayou_shore_b,
          enter_ossuary_1, serial_shops, nicolae_stop_n_shop_2, uniq_erica,
          uniq_maurice
D:9:      layout_layer_cave, okawaru_metal_pillars_1_2,
          mainiacjoe_overflow_catch_the_wave, david_orc_3, minivault_14,
          minmay_misc_feat_plants, uniq_maggie
Temple:   minmay_temple_curvy_branch

Skill      XL: |  1  2  3  4  5  6  7  8  9 10 11 |
---------------+----------------------------------+-----
Stealth        | 3 4 5 6 7 |  7.1
Transmutations | 2 3 4 6 8 |  8.4
Earth Magic    | 4 5 6 |  6.9
Spellcasting   | 3 4 5 7 8 |  8.1
Fighting       | 1 2 |  2.0
Short Blades   | 1 2 3 4 |  4.0
Poison Magic   | 1 |  1.0
Conjurations   | 1 3 |  3.6
Air Magic      | 1 3 |  3.0
Dodging        | 5 |  5.7

Action                   |  1- 3 |  4- 6 |  7- 9 | 10-12 || total
-------------------------+-------+-------+-------+-------++-------
Melee: Tentacles         |     7 |     8 |    19 |    24 ||    58
       Unarmed           |     3 |       |       |       ||     3
       Constrict         |     9 |    18 |    23 |    40 ||    90
       Dagger            |    26 |    82 |    96 |   146 ||   350
 Cast: Sandblast         |    36 |    24 |    87 |    29 ||   176
       Petrify           |       |     4 |    21 |    41 ||    66
       Lee's Rapid Decon |       |       |    12 |    25 ||    37
       Mephitic Cloud    |       |       |     4 |    11 ||    15
  Use: Potion            |       |       |     1 |     4 ||     5
       Scroll            |       |       |       |    10 ||    10
 Stab: Sleeping          |     5 |    15 |     6 |     4 ||    30
       Petrified         |       |     9 |    27 |    31 ||    67
       Confused          |       |       |     3 |       ||     3
       Petrifying        |       |       |       |     2 ||     2
       Distracted        |       |       |       |     1 ||     1
Armor: Skin              |     2 |     7 |     5 |     8 ||    22
Dodge: Dodged            |    28 |    54 |    82 |   131 ||   295
